 Dungeon Sprint DCSS version 0.29-a0-838-g385bb11a5b (webtiles) character file.

Game seed: 13306777685897889370

9762 purpskrrrp the Fetichist (level 11, -5/89 HPs)
             Began as a Formicid Artificer on July 13, 2022.
             Was a Priest of Jiyva.
             Shot with a bolt by an orc knight (11 damage)
             ... in the Dungeon (Sprint IX: "|||||||||||||||||||||||||||||").
             The game lasted 00:26:30 (1949 turns).

purpskrrrp the Fetichist (Formicid Artificer)       Turns: 1949, Time: 00:26:30

Health: -5/89      AC: 23    Str: 39    XL:     11   Next: 80%
Magic:  11/11      EV: 12    Int: 12    God:    Jiyva [***...]
Gold:   1125       SH:  0    Dex: 12    Spells: 10/10 levels left

rFire   . . .      SeeInvis +   m - +2 scimitar "Rohikk" {speed, Fly rC+ Str+7}
rCold   + . .      Faith    .   (no shield)
rNeg    . . .      Spirit   .   q - +5 chain mail
rPois   .          Reflect  .   (helmet unavailable)
rElec   .          Harm     .   (no cloak)
rCorr   +          Rampage  .   o - +0 pair of gloves
Will    +....                   p - +0 pair of boots
Stlth   ..........              (no amulet)
HPRegen 1.36/turn               r - +3 ring of strength
MPRegen 0.47/turn               s - +3 ring of intelligence

@: flying
A: permanent stasis, dig shafts and tunnels, antennae 3, four strong arms,
iridescent scales 1, strong 2
a: Dig, Renounce Religion, Oozemancy


You were in the Dungeon.
You worshipped Jiyva.
Jiyva was most pleased with you.
You visited 1 branch You collected 1125 gold pieces.

Inventory:

Hand Weapons
 a - a +0 club
 m - the +2 scimitar "Rohikk" (weapon) {speed, Fly rC+ Str+7}
   (You found it in the Dungeon)

   Attacks with this weapon are significantly faster.
   Str:       It affects your strength (+7).
   rC:        It protects you from cold.
   Fly:       It grants you flight.
 z - a +7 giant spiked club
Missiles
 i - 3 stones
 t - 4 curare-tipped darts
Armour
 b - a +0 leather armour
 d - a +0 helmet
 o - a +0 pair of gloves (worn)
 p - a +0 pair of boots (worn)
 q - a +5 chain mail (worn)
Magical Staves
 y - a staff of cold
Jewellery
 r - a +3 ring of strength (left hand)
 s - a +3 ring of intelligence (right hand)
Wands
 c - a wand of flame (5) (quivered)
 e - a wand of iceblast (9)
Scrolls
 k - 2 scrolls of amnesia
 n - a scroll of blinking
 w - a scroll of fog
 A - a scroll of fear
 B - 2 scrolls of identify
Potions
 h - 4 potions of magic
 u - a potion of mutation
 v - a potion of haste
 x - a potion of berserk rage


   Skills:
 + Level 9.0 Fighting
 + Level 13.8 Long Blades
 * Level 5.3 Maces & Flails
 * Level 15.1 Armour
 + Level 5.7 Dodging
 + Level 4.9 Stealth
 * Level 18.1 Evocations


You had 10 spell levels left.
You didn't know any spells.
Your spell library was empty.

Dungeon Overview and Level Annotations

Branches:
Dungeon (1/1)

Altars:
Cheibriados
Dithmenos
Elyvilon
Fedhas
Gozag
Hepliaklqana
Kikubaaqudgha
Makhleb
Nemelex Xobeh
Okawaru
Qazlal
Ru
Sif Muna
Trog
Uskayaw
Vehumet
Wu Jian
Xom
Yredelemnul
Zin
The Shining One
Jiyva
Lugonu

Shops:
D ?


Innate Abilities, Weirdness & Mutations

You cannot be hasted, slowed, berserked, paralysed or teleported.
You can dig through walls and to a lower floor.
You have a pair of large antennae on your head. (SInv)
Your four strong arms can wield two-handed weapons with a shield.
You are partially covered in iridescent scales. (AC +2)
Your muscles are very strong. (Str +8, Int/Dex -2)


Message History

The orc knight is lightly wounded.
You hit the orc knight but do no damage.
The orc knight is lightly wounded.
You hear a distant slurping noise.
The orc knight barely misses you.
You hit the orc knight. Your punch misses the orc knight.
The orc knight is lightly wounded.
You hit the orc knight.
The orc knight is lightly wounded.
The orc high priest starts to sing a prayer.
You hear a distant slurping noise.
You hear a squelching noise.
The orc knight hits you with a +0 long sword!!
You barely miss the orc knight.
The orc knight is lightly wounded.
You hit the orc knight but do no damage.
The orc knight is lightly wounded.
You hear a distant slurping noise.
The orc knight hits you with a +0 long sword!!
* * * LOW HITPOINT WARNING * * *
Aiming: Throw Flame
Press: ? - help, Q - select action, (/) - cycle Shift-Dir - straight line, f/p - ice devil
Aim: an ice devil (summoned, 78% to hit)
The puff of flame hits the orc knight!
The orc knight is heavily wounded.
The orc knight hits you with a +0 long sword.
* * * LOW HITPOINT WARNING * * *
The orc knight attacks as you move away!
The orc knight hits you but does no damage.
You hear a slurping noise.
The orc knight unwields a +0 long sword.
The orc knight wields a +0 arbalest.
The orc knight shoots a bolt.
The bolt hits you!
* * * LOW HITPOINT WARNING * * *
You feel better.
The orc high priest calls down the wrath of Beogh upon you.
Beogh smites you!
* * * LOW HITPOINT WARNING * * *
The orc knight shoots a bolt.
The bolt misses you.
The bolt hits the jelly!!
The orc knight shoots a bolt.
The bolt hits you!
You die...

▓_▓.▓.▓.▓)▓
▓_▓.▓†▓.▓J▓
▓_▓.▓†▓.▓.▓
▓_▓.▓.▓.▓.▓
{
▓_▓.▓.▓.▓.▓
▓_▓.▓.▓.▓J▓
▓_▓.▓.▓.▓.▓
{
▓_▓.▓.▓.▓J▓
▓_▓.▓.▓.▓@▓
{
▓_▓.▓.▓.▓.▓
▓_▓.▓.▓.▓.▓
▓_▓.▓.▓.▓'▓
▓'▓.▓'▓[▓o▓
▓.▓.▓.▓.▓o▓
▓.▓.▓.▓.▓o▓
{
▓)▓.▓.▓.▓o▓
{
▓)▓.▓.▓.▓o▓{
{


You could see 3 orc knights, an orc high priest (strong) and 3 neutral jellies
(fellow slime).

Vanquished Creatures
  Erolcha (D)
  A boulder beetle (D)
  A two-headed ogre (D)
  An orc high priest (D)
  Sonja (D)
  3 orc knights (D)
  An orc sorcerer (D)
  A manticore (D)
  An elephant (D)
  Psyche (D)
  6 polar bears (D)
  A blink frog (D)
  A dream sheep (D)
  2 yaks (D)
  4 water moccasins (D)
  7 orc warriors (D)
  2 black bears (D)
  4 bullfrogs (D)
  3 orc priests (D)
  2 orc wizards (D)
  6 orcs (D)
  3 bats (D)
  A quokka (D)
  A kobold (D)
55 creatures vanquished.

Vanquished Creatures (collateral kills)
  A komodo dragon (D)
  A polar bear (D)
  2 trolls (D)
  A water moccasin (D)
  2 centaurs (D)
  A scorpion (D)
  A jelly (D)
  A white imp (D)
10 creatures vanquished.

Vanquished Creatures (others)
  2 great orbs of eyes (D)
  A hydra (D)
  An ugly thing (D)
  A manticore (D)
  A cyclops (D)
  A troll (D)
  4 slime creatures (D)
  2 wraiths (D)
  A scorpion (D)
  A hound (D)
  6 jellies (D)
  2 orc wizards (D)
  An orc (D)
24 creatures vanquished.

Grand Total: 89 creatures vanquished

Notes
Turn   | Place    | Note
-------+----------+-------------------------------------------
     0 | D        | purpskrrrp the Formicid Artificer began the quest for the
                  | Orb.
     0 | D        | Reached XP level 1. HP: 15/15 MP: 1/1
     9 | D        | Reached skill level 4 in Evocations
    39 | D        | Reached skill level 1 in Dodging
   279 | D        | Noticed a hound
   279 | D        | Noticed a scorpion
   279 | D        | Noticed a jelly
   279 | D        | Noticed a scorpion
   287 | D        | Reached skill level 5 in Evocations
   287 | D        | Reached XP level 2. HP: 21/21 MP: 2/2
   300 | D        | Reached skill level 6 in Evocations
   300 | D        | Reached XP level 3. HP: 10/26 MP: 3/3
   304 | D        | Killed a scorpion
   305 | D        | Reached skill level 1 in Maces & Flails
   305 | D        | Reached skill level 8 in Evocations
   305 | D        | Reached XP level 4. HP: 12/33 MP: 4/4
   305 | D        | Reached XP level 5. HP: 13/38 MP: 5/5
   509 | D        | Found a snail-covered altar of Cheibriados.
   509 | D        | Found a shadowy altar of Dithmenos.
   509 | D        | Found a white marble altar of Elyvilon.
   509 | D        | Found a blossoming altar of Fedhas.
   509 | D        | Found an opulent altar of Gozag.
   510 | D        | Found a hazy altar of Hepliaklqana.
   511 | D        | Found a viscous altar of Jiyva.
   512 | D        | Found an ancient bone altar of Kikubaaqudgha.
   513 | D        | Found a corrupted altar of Lugonu.
   514 | D        | Found a burning altar of Makhleb.
   515 | D        | Found a sparkling altar of Nemelex Xobeh.
   516 | D        | Found an iron altar of Okawaru.
   517 | D        | Found a stormy altar of Qazlal.
   518 | D        | Found a sacrificial altar of Ru.
   519 | D        | Became a worshipper of Jiyva Jimiko the Shapeless
   520 | D        | Found a shimmering blue altar of Sif Muna.
   520 | D        | Killed a slime creature
   520 | D        | Killed a slime creature
   521 | D        | Found a bloodstained altar of Trog.
   521 | D        | Killed a slime creature
   521 | D        | Killed a great orb of eyes
   522 | D        | Found a hide-covered altar of Uskayaw.
   522 | D        | Killed a slime creature
   523 | D        | Found a radiant altar of Vehumet.
   523 | D        | Killed a great orb of eyes
   524 | D        | Found an ornate altar of the Wu Jian Council.
   525 | D        | Found a shimmering altar of Xom.
   526 | D        | Found a basalt altar of Yredelemnul.
   527 | D        | Found a glowing silver altar of Zin.
   528 | D        | Found a glowing golden altar of the Shining One.
   546 | D        | Got the +2 scimitar "Rohikk" {speed, Fly rC+ Str+7}
   629 | D        | Noticed a wraith
   629 | D        | Noticed a wraith
   629 | D        | Noticed a two-headed ogre
   629 | D        | Noticed a troll
   629 | D        | Noticed a centaur
   647 | D        | Killed a manticore
   658 | D        | Reached skill level 5 in Armour
   658 | D        | Reached skill level 9 in Evocations
   669 | D        | Reached skill level 10 in Evocations
   669 | D        | Reached XP level 6. HP: 33/46 MP: 6/6
   671 | D        | Killed a troll
   672 | D        | Reached skill level 1 in Long Blades
   672 | D        | Reached skill level 12 in Evocations
   672 | D        | Reached XP level 7. HP: 38/52 MP: 7/7
   677 | D        | Reached skill level 13 in Evocations
   680 | D        | Killed a two-headed ogre
   699 | D        | Killed a white ugly thing
   905 | D        | Noticed a troll
   905 | D        | Noticed a cyclops
   905 | D        | Noticed a manticore
   905 | D        | Noticed a troll
   925 | D        | Killed a troll
   926 | D        | Reached skill level 14 in Evocations
   926 | D        | Reached XP level 8. HP: 42/60 MP: 8/8
   961 | D        | Killed a manticore
   962 | D        | Reached skill level 15 in Evocations
  1090 | D        | Reached * piety under Jiyva
  1170 | D        | Gained mutation: Your muscles are strong. (Str +4, Int/Dex
                  | -1) [potion of mutation]
  1170 | D        | Gained mutation: Your muscles are very strong. (Str +8,
                  | Int/Dex -2) [potion of mutation]
  1170 | D        | Gained mutation: You are partially covered in iridescent
                  | scales. (AC +2) [potion of mutation]
  1171 | D        | Noticed a blink frog
  1173 | D        | Noticed a yak
  1189 | D        | Reached XP level 9. HP: 58/66 MP: 9/9
  1231 | D        | Reached skill level 10 in Armour
  1248 | D        | Killed a blink frog
  1249 | D        | Reached skill level 5 in Fighting
  1293 | D        | Reached skill level 16 in Evocations
  1300 | D        | Reached skill level 5 in Long Blades
  1342 | D        | Noticed a boulder beetle
  1342 | D        | Noticed a komodo dragon
  1342 | D        | Noticed an elephant
  1346 | D        | Noticed a five-headed hydra
  1349 | D        | Killed a komodo dragon
  1365 | D        | Killed an elephant
  1366 | D        | Reached XP level 10. HP: 32/76 MP: 10/10
  1388 | D        | Reached skill level 5 in Dodging
  1408 | D        | Killed a boulder beetle
  1445 | D        | Reached skill level 10 in Long Blades
  1466 | D        | Reached skill level 17 in Evocations
  1498 | D        | Reached XP level 11. HP: 36/84 MP: 11/11
  1527 | D        | Reached ** piety under Jiyva
  1537 | D        | Noticed Sonja
  1539 | D        | Killed Sonja
  1547 | D        | Noticed Psyche
  1556 | D        | Killed Psyche
  1562 | D        | Noticed Erolcha
  1568 | D        | Killed Erolcha
  1758 | D        | Noticed an orc sorcerer
  1758 | D        | Noticed an orc high priest
  1765 | D        | Noticed an orc knight
  1770 | D        | Killed an orc sorcerer
  1771 | D        | Noticed an orc knight
  1802 | D        | Killed an orc high priest
  1810 | D        | Noticed an orc knight
  1814 | D        | Killed an orc knight
  1830 | D        | Killed an orc knight
  1831 | D        | Reached skill level 5 in Maces & Flails
  1831 | D        | Reached skill level 15 in Armour
  1831 | D        | Reached skill level 18 in Evocations
  1883 | D        | Killed an orc knight
  1920 | D        | Reached *** piety under Jiyva
  1932 | D        | Found Aseciemapt's Magic Scroll Emporium.
  1932 | D        | Noticed an orc knight
  1932 | D        | Noticed an orc knight
  1932 | D        | Noticed an orc knight
  1932 | D        | Noticed an orc high priest
  1932 | D        | Noticed an orc knight
  1936 | D        | Noticed an orc knight
  1947 | D        | HP: 3/89 [orc high priest/divine providence (16)]
  1949 | D        | Shot with a bolt by an orc knight

Illustrated notes

Levels and vault maps discovered:
D:        linesprint [early_d, line_temple, items_1, d_10, items_2, lair_1,
          lair_end, items_3, orc_1, orc_end, items_4, d_15, swamp_1, shoals_1,
          snake_1, spider_1, d_20, vaults_1, items_5, swamp_end, shoals_end,
          snake_end, spider_end, vaults_end, d_27, items_6, zot_1, zot_end,
          crypt_end, forest_end, elf_end, slime_end, tomb_end, abyss_end,
          pan_hell_end]

Skill      XL: |  1  2  3  4  5  6  7  8  9 10 11 |
---------------+----------------------------------+-----
Evocations     | 5 6 8 10 12 14 15 16 17 18 | 18.1
Dodging        | 1 2 3 4 5 |  5.7
Armour         | 3 4 6 7 8 9 12 13 15 | 15.1
Maces & Flails | 1 2 3 5 |  5.3
Fighting       | 2 3 4 6 7 9 |  9.0
Stealth        | 2 3 4 |  4.9
Long Blades    | 1 2 7 11 13 | 13.8

Action                   |  1- 3 |  4- 6 |  7- 9 | 10-12 || total
-------------------------+-------+-------+-------+-------++-------
Melee: Club              |    39 |       |       |       ||    39
       Punch             |     1 |       |     2 |     4 ||     7
       Scimitar          |       |     3 |   111 |   201 ||   315
       Giant spiked club |       |       |       |     7 ||     7
Evoke: Wand              |     7 |     4 |     7 |    17 ||    35
  Use: Potion            |     1 |       |     3 |     7 ||    11
       Scroll            |       |       |     5 |       ||     5
 Stab: Betrayed ally     |       |       |     1 |       ||     1
       Invisible         |       |       |       |     3 ||     3
Armor: Leather armour    |    23 |       |       |       ||    23
       Chain mail        |       |     1 |    60 |   116 ||   177
       Skin              |       |     1 |       |       ||     1
Dodge: Dodged            |    48 |     2 |    60 |    76 ||   186

Table legend: (Time is in decaauts)
 A = Elapsed time spent in this place.
 B = Non-inter-level travel time spent in this place.
 C = Inter-level travel time spent in this place.
 D = Time resting spent in this place.
 E = Time spent auto-exploring this place.
 F = Levels seen in this place.
 G = Mean time per level.
                   A        B        C        D        E       F      G
               +--------+--------+--------+--------+--------+-----+--------+
         Total |   1852 |   1847 |      5 |    770 |      0 |   1 | 1852.0 |
       Dungeon |   1852 |   1847 |      5 |    770 |      0 |   1 | 1852.0 |
               +--------+--------+--------+--------+--------+-----+--------+

Top non-repeatable levels by time:
       D: 1852 daAuts
